 Dungeon Crawl Stone Soup version 0.25.1-8-g42b30a86e7 (webtiles) character file.

Game seed: 11953059797894395507

715 Destapler the Priest (level 7, 0/61 HPs)
             Began as a Hill Orc Monk on Dec 21, 2020.
             Was a Believer of Beogh.
             Slain by a river rat (8 damage)
             ... summoned by Eustachio
             ... on level 4 of the Dungeon.
             The game lasted 00:19:21 (4967 turns).

Destapler the Priest (Hill Orc Monk)                Turns: 4967, Time: 00:19:23

Health: 0/61       AC:  7    Str: 21 (22) XL:     7   Next: 69%
Magic:  11/11      EV: 10    Int: 10      God:    Beogh [**....]
Gold:   9          SH:  0    Dex: 12 (13) Spells: 6/6 levels left

rFire    + . .     SeeInvis .   b - +0 hand axe (freeze)
rCold    + + .     Gourm    .   (no shield)
rNeg     + . .     Faith    .   q - +0 scale mail
rPois    .         Spirit   .   (helmet restricted)
rElec    .         Reflect  .   (no cloak)
rCorr    .         Harm     .   (no gloves)
MR       .....                  m - +0 pair of boots
Stlth    ..........             (no amulet)
HPRegen  0.20/turn              o - +6 ring of strength
MPRegen  0.12/turn              u - ring of positive energy

@: starving, drained
A: horns 1, blurry vision 1, cold resistance 2, fire resistance 1
a: Smiting, Renounce Religion


You were on level 4 of the Dungeon.
You worshipped Beogh.
Beogh was pleased with you.
You were starving.

You visited 1 branch of the dungeon, and saw 5 of its levels.

You collected 159 gold pieces.
You spent 150 gold pieces at shops.

Inventory:

Hand Weapons
 a - a +4 dagger of venom
 b - a +0 hand axe of freezing (weapon)
Missiles
 l - 6 poisoned darts (quivered)
Armour
 m - a +0 pair of boots (worn)
 q - a +0 scale mail (worn)
Jewellery
 d - an uncursed amulet of faith {unknown}
 h - an uncursed ring of protection from cold
 o - a +6 ring of strength (left hand)
 u - a ring of positive energy (right hand)
Wands
 j - a wand of enslavement (5)
 k - a wand of disintegration (11)
Scrolls
 e - 3 scrolls of remove curse
 f - 3 scrolls of enchant weapon
 i - a scroll of amnesia {unknown}
 n - a scroll of enchant armour {unknown}
 p - 3 scrolls of identify {unknown}
 r - a scroll of fog {unknown}
 t - a scroll of teleportation {unknown}
Potions
 g - a potion of brilliance
Comestibles
 c - 9 rations


   Skills:
 - Level 5.0(4.1) Fighting
 - Level 4.0(3.2) Axes
 - Level 3.0(2.2) Throwing
 - Level 4.0(3.1) Armour
 - Level 3.0(2.2) Dodging
 - Level 1.5(0.8) Stealth
 * Level 5.8(4.9) Invocations
 + Level 2.1(1.3) Evocations


You had 6 spell levels left.
You didn't know any spells.
Your spell library was empty.

Dungeon Overview and Level Annotations

Branches:
Dungeon (5/15)
 Temple: D:4-7

Altars:
Vehumet
Xom

Shops:
D:4 (*%*

Annotations:
D:4 Eustachio
D:5 Dowan, Duvessa


Innate Abilities, Weirdness & Mutations

You have a pair of small horns on your head.
Scrolls take you a little longer to read.
Your flesh is very cold resistant. (rC++)
Your flesh is heat resistant. (rF+)


Message History

The quasit claws you but does no damage. x2
The river rat closely misses you.
Eustachio mumbles some strange words.
The quasit barely misses you. x3
You closely miss Eustachio.
Eustachio is severely wounded.
You miss the quasit. You hit the river rat but do no damage.
Eustachio looks more healthy.
The river rat bites you!
* * * LOW HITPOINT WARNING * * *
Eustachio hits you but does no damage. You partially resist.
You feel drained. The quasit barely misses you. x2
The quasit claws you but does no damage.
You hit Eustachio. You freeze Eustachio. Your headbutt misses Eustachio.
Eustachio is almost dead.
You closely miss the white imp. You hit the quasit but do no damage.
You barely miss the river rat.
The crimson imp disappears in a puff of smoke!
The quasit disappears in a puff of smoke!
The river rat bites you!
You die...

.##.##.#.......# #.# #......#
....##.#######.###.# #..)....
######.# #...#.# #......#
<#.....# #...#.# #.......
.#.##### #...#.# #.....## .#.#
########...#.# #######. .#.#
#....(.....#.# ##. .#.#
#...∩(.....#.# #.. .#.#
#........5@..# ###.. .#.#
#........r@5.##########.... .[.#
#.........(.>..##....##.... ####
#........5(..#.##.##.##.... #
#....§....#.....#.##.##.... #
#..........<....#.##.......
#######.........###...#.#####....
......................#.# #....
###################..##.# #....


You could see Eustachio, an iron imp (summoned), a river rat (summoned), a white
imp (summoned) and an ufetubus (summoned).

Vanquished Creatures
  A sky beast (D:4)
  An ogre (D:4)
  A phantom (D:4)
  A bullfrog (D:4)
  A hound (D:4)
  2 orc priests (D:4)
  An iguana (D:5)
  Ijyb (D:4)
  An orc wizard (D:4)
  3 worker ants (D:4)
  A howler monkey skeleton (D:4)
  7 adders
  An ooze (D:1)
  A worm (D:2)
  2 dart slugs
  3 leopard geckos
  2 orcs
  A ball python (D:3)
  15 giant cockroaches
  2 hobgoblins (D:1)
  2 jackals (D:3)
  2 quokkas
  A ball python skeleton (D:4)
  4 bats
  4 frilled lizards
  7 goblins
  2 kobolds (D:1)
  A leopard gecko skeleton (D:4)
  5 rats
76 creatures vanquished.

Vanquished Creatures (others)
  A howler monkey skeleton (D:3)
1 creature vanquished.

Grand Total: 77 creatures vanquished

Notes
Turn   | Place    | Note
-------+----------+-------------------------------------------
     0 | D:1      | Destapler the Hill Orc Monk began the quest for the Orb.
     0 | D:1      | Reached XP level 1. HP: 19/19 MP: 1/1
   309 | D:1      | Reached XP level 2. HP: 27/27 MP: 2/2
   461 | D:1      | Reached skill level 1 in Armour
   906 | D:2      | Found a shimmering altar of Xom.
   930 | D:2      | Reached XP level 3. HP: 33/33 MP: 3/3
   934 | D:2      | Reached skill level 1 in Throwing
   949 | D:2      | Gained mutation: You have a pair of small horns on your
                  | head. [potion of mutation]
   949 | D:2      | Gained mutation: Your flesh is heat resistant. (rF+)
                  | [potion of mutation]
  1741 | D:2      | Reached XP level 4. HP: 23/40 MP: 4/4
  1899 | D:2      | Found a radiant altar of Vehumet.
  2990 | D:3      | Became a worshipper of Beogh the Brigand
  2990 | D:3      | Reached * piety under Beogh
  2990 | D:3      | Reached ** piety under Beogh
  3207 | D:3      | Lost mutation: You have a pair of small horns on your head.
                  | [potion of mutation]
  3207 | D:3      | Gained mutation: Your flesh is cold resistant. (rC+)
                  | [potion of mutation]
  3207 | D:3      | Gained mutation: Scrolls take you a little longer to read.
                  | [potion of mutation]
  3207 | D:3      | Gained mutation: Your flesh is very cold resistant. (rC++)
                  | [potion of mutation]
  3207 | D:3      | Gained mutation: You have a pair of small horns on your
                  | head. [potion of mutation]
  3250 | D:4      | Reached skill level 1 in Invocations
  3250 | D:4      | Reached XP level 5. HP: 47/47 MP: 5/5
  3270 | D:4      | Found Syckog's Weapon Shop.
  3368 | D:4      | Noticed a phantom
  3425 | D:4      | Found Boebynne's Food Shoppe.
  3435 | D:4      | Reached XP level 6. HP: 55/55 MP: 7/7
  3504 | D:4      | Reached skill level 5 in Fighting
  3632 | D:4      | Found Haaruiru's Assorted Antiques.
  3908 | D:4      | Reached skill level 1 in Evocations
  3908 | D:4      | Reached XP level 7. HP: 57/61 MP: 10/10
  3980 | D:4      | Noticed Ijyb
  3991 | D:4      | Killed Ijyb
  4107 | D:4      | Found Oxionirr's Assorted Antiques.
  4143 | D:4      | Bought a runed hand axe for 150 gold pieces
  4333 | D:4      | Reached skill level 5 in Invocations
  4576 | D:5      | Entered Level 5 of the Dungeon
  4576 | D:5      | Noticed Duvessa
  4937 | D:5      | Noticed Dowan
  4937 | D:5      | Noticed Eustachio
  4967 | D:4      | Slain by a river rat

Illustrated notes

Levels and vault maps discovered:
D:1:      dpeg_arrival_arbitrary_b, layout_basic,
          hangedman_abyss_or_decor_stabs, minivault_19
D:2:      minmay_roachtagon, layout_loops_ring, nicolae_overflow_hidden_temple,
          fiery_altar_vehumet, serial_glass, glass_columns_b, glass_columns_a,
          kennysheep_cluttered_room, bh_walls_and_bars
D:3:      layout_rooms
D:4:      layout_basic, first_ration, serial_shops,
          nicolae_shop_overgrown_old_shop, nicolae_shop_statue_plus, shop, shop,
          uniq_ijyb
D:5:      layout_rooms, old_standard_altar, gammafunk_ghost_grave,
          uniq_eustachio, uniq_duvessa

Skill      XL: |  1  2  3  4  5  6  7 |
---------------+----------------------+-----
Armour         | 1 2 3 4 |  4.0
Fighting       | 4 5 |  5.0
Throwing       | 1 2 3 |  3.0
Dodging        | 3 |  3.0
Invocations    | 1 2 4 5 |  5.8
Evocations     | 1 2 |  2.1
Axes           | |  4.0
Stealth        | |  1.5

Action                   |  1- 3 |  4- 6 |  7- 9 || total
-------------------------+-------+-------+-------++-------
Melee: Hand axe          |   153 |    64 |    87 ||   304
       Headbutt          |    13 |    20 |    17 ||    50
       Dagger            |       |    37 |    12 ||    49
Throw: Dart              |       |     2 |    22 ||    24
Invok: Convert to Beogh  |       |     1 |       ||     1
Evoke: Wand              |       |       |     1 ||     1
  Use: Potion            |     1 |     5 |     1 ||     7
       Scroll            |       |     3 |       ||     3
 Stab: Sleeping          |     2 |       |       ||     2
  Eat: Chunk             |     2 |     7 |     2 ||    11
Armor: Robe              |    21 |       |       ||    21
       Ring mail         |     8 |    25 |       ||    33
       Scale mail        |       |    12 |    41 ||    53
Dodge: Dodged            |   108 |    52 |    56 ||   216
